 Dungeon Crawl Stone Soup version 0.28.0-1-gb440e238dd (webtiles) character file.

Game seed: 10337651321167329527

137 lake5 the Conjurer (level 5, -2/31 HPs)
             Began as a Deep Elf Conjurer on Feb 24, 2022.
             Slain by a scorpion (5 damage)
             ... on level 4 of the Dungeon.
             The game lasted 00:05:54 (3492 turns).

lake5 the Conjurer (Deep Elf Conjurer)              Turns: 3492, Time: 00:05:55

Health: -2/31      AC:  3    Str:  4    XL:     5   Next: 0%
Magic:  4/13       EV: 12    Int: 25    God:
Gold:   142        SH:  0    Dex: 13    Spells: 1/12 levels left

rFire   . . .      SeeInvis .   o - +1 short sword (speed)
rCold   . . .      Faith    .   (no shield)
rNeg    . . .      Spirit   .   a - +0 robe
rPois   .          Reflect  .   q - +0 helmet
rElec   .          Harm     .   (no cloak)
rCorr   .          Rampage  .   (no gloves)
Will    .....                   (no boots)
Stlth   ++........              (no amulet)
HPRegen 0.10/turn               (no ring)
MPRegen 0.13/turn               (no ring)

@: no status effects
A: no striking features
a: no special abilities


You were on level 4 of the Dungeon.
You visited 1 branch of the dungeon, and saw 4 of its levels.

You collected 142 gold pieces.

Inventory:

Hand Weapons
 o - a +1 short sword of speed (weapon)
Armour
 a - a +0 robe (worn)
 q - a +0 helmet (worn)
Jewellery
 k - an amulet of faith
Wands
 r - a wand of acid (7)
Scrolls
 b - a scroll of brand weapon {unknown}
 c - a scroll of silence {unknown}
 d - 3 scrolls of magic mapping {unknown}
 g - 4 scrolls of identify {unknown}
 j - a scroll of holy word {unknown}
 m - 5 scrolls of teleportation {unknown}
 n - a scroll of amnesia {unknown}
 p - a scroll of torment {unknown}
Potions
 e - a potion of flight {unknown}
 f - 3 potions of resistance {unknown}
 h - 3 potions of curing {unknown}
 i - 4 potions of haste
 l - a potion of mutation {unknown}
 s - a potion of brilliance {unknown}


   Skills:
 * Level 2.5 Fighting
 + Level 2.5 Dodging
 + Level 2.5 Stealth
 + Level 4.1 Spellcasting
 * Level 5.1 Conjurations
 + Level 0.4 Hexes
 * Level 0.2 Translocations


You had one spell level left.
You knew the following spells:

 Your Spells              Type           Power      Damage    Failure   Level
a - Magic Dart            Conj           100%       1d8       1%          1
b - Searing Ray           Conj           62%        2d6       1%          2
c - Fulminant Prism       Conj/Hex       9%         3d7       28%         4
d - Iskenderun's Mystic   Conj/Tloc      18%        2d6       30%         4

Your spell library contained the following spells:

 Spells                   Type           Power      Damage    Failure   Level
 Dazzling Flash           Conj/Hex       38%        N/A       9%          3
 Animate Armour           Summ/Erth      10%        N/A       65%         4
 Blade Hands              Tmut           2%         N/A       94%         5
 Iron Shot                Conj/Erth      9%         9d3       99%         6


Dungeon Overview and Level Annotations

Branches:
Dungeon (4/15)
 Temple: D:4-7

Altars:
Cheibriados
Xom

Shops:
D:1 *   D:4 [


Message History

The orc shouts!
You hear a shout!
The magic dart hits the orc.
You kill the orc!
The endoplasm quivers.
The magic dart hits the endoplasm.
The endoplasm is severely wounded.
The magic dart hits the endoplasm.
You kill the endoplasm!
An orc wizard comes into view. It is wielding a +0 dagger.
The magic dart hits the orc wizard!
The orc wizard is heavily wounded.
The orc wizard shouts!
An orc comes into view. It is wielding a +0 club.
The magic dart hits the orc wizard.
The orc wizard is heavily wounded.
The orc shouts!
The magic dart hits the orc wizard.
The orc wizard is severely wounded.
The magic dart hits the orc.
The orc is heavily wounded.
The magic dart hits the orc wizard.
The orc wizard is almost dead.
The orc wizard gestures at you while chanting.
The puff of flame hits you.
The magic dart hits the orc.
You kill the orc!
An orc comes into view.
It is wielding a +0 trident and wearing a +0 leather armour of willpower.
The orc wizard gestures at you while chanting.
The puff of flame hits you!
You have reached level 5!
The orc wizard points at you and mumbles some strange words.
The magic dart hits you.
A scorpion comes into view.
The orc wizard gestures at you while chanting.
The puff of flame hits you!
* * * LOW HITPOINT WARNING * * *
The scorpion stings you.
* * * LOW HITPOINT WARNING * * *
The scorpion stings you.
You die...

#.#.# . ..O#.# ..
#.####.# ...### # #.#
#.[..# ###.### .##....
#....>#
....)∩o#####.....##
...)...o.....s....##.
##.###.###...@........
#. ###.......... #(
#....†..... #.
#.......... ..
#.......... ..
###....##.. .. #.####
## .#


You could see a scorpion, an orc wizard and an orc.

Vanquished Creatures
  Robin (D:3)
  4 adders
  A worm (D:3)
  A dart slug (D:1)
  4 orcs
  7 ball pythons
  4 bats
  6 endoplasms
  3 giant cockroaches
  15 goblins
  5 hobgoblins
  6 jackals
  5 kobolds
  4 quokkas
  3 frilled lizards
  2 rats
71 creatures vanquished.

Notes
Turn   | Place    | Note
-------+----------+-------------------------------------------
     0 | D:1      | lake5 the Deep Elf Conjurer began the quest for the Orb.
     0 | D:1      | Reached XP level 1. HP: 10/10 MP: 6/6
    64 | D:1      | Found a faded altar of an unknown god.
   231 | D:1      | Reached XP level 2. HP: 10/16 MP: 1/8
   234 | D:1      | Learned a level 2 spell: Searing Ray
   418 | D:1      | Found Equcear's General Store.
   471 | D:1      | Reached skill level 1 in Fighting
   848 | D:1      | Reached XP level 3. HP: 20/20 MP: 5/10
  2320 | D:3      | Reached XP level 4. HP: 26/26 MP: 6/11
  2604 | D:3      | Reached skill level 5 in Conjurations
  2609 | D:3      | Learned a level 4 spell: Fulminant Prism
  2622 | D:3      | Noticed Robin
  2624 | D:3      | Killed Robin
  2924 | D:3      | Learned a level 4 spell: Iskenderun's Mystic Blast
  3144 | D:3      | Found a snail-covered altar of Cheibriados.
  3146 | D:3      | Found a shimmering altar of Xom.
  3461 | D:4      | Noticed an ogre
  3472 | D:4      | Found Ahaihu's Armour Shop.
  3487 | D:4      | Reached XP level 5. HP: 15/31 MP: 3/13
  3492 | D:4      | Slain by a scorpion

Illustrated notes

Levels and vault maps discovered:
D:1:      eino_arrival_cavern_a, layout_basic, serial_shops, shop,
          nicolae_ecumenical_lake_church
D:2:      layout_loops_corners, minivault_5, minmay_misc_feat_room,
          serial_park_tiny_pond, minmay_misc_feat_alley, hangedman_decor_lopped,
          chequers_garden, serial_bayou_crossing
D:3:      layout_loops_ring, chequers_temple_overflow_statue_of_worship,
          chequers_serial_rivers_room_a, uniq_robin
D:4:      layout_rooms, serial_shops, shop

Skill      XL: |  1  2  3  4 |
---------------+-------------+-----
Fighting       | 1 2 |  2.5
Spellcasting   | 4 |  4.1
Conjurations   | 5 |  5.1
Dodging        | |  2.5
Stealth        | |  2.5
Hexes          | |  0.4
Translocations | |  0.2

Action                   |  1- 3 |  4- 6 || total
-------------------------+-------+-------++-------
Melee: Short sword       |       |     3 ||     3
 Cast: Magic Dart        |    73 |    59 ||   132
       Searing Ray       |       |     3 ||     3
Armor: Robe              |     1 |     3 ||     4
Dodge: Dodged            |     2 |     3 ||     5
